 Dungeon Crawl Stone Soup version 0.30.0-5-g1a98f26d00 (webtiles) character file.

Game seed: 14685736492710598820

111155 jimonade the Marksmummy (level 16, -8/117 (131) HPs)
             Began as a Mummy Monk on May 11, 2023.
             Was the Champion of Ru.
             Mangled by an alligator snapping turtle (9 damage)
             ... on level 1 of the Shoals.
             The game lasted 01:04:47 (21706 turns).

jimonade the Marksmummy (Mummy Monk)               Turns: 21706, Time: 01:04:48

HP:   -8/117 (131)  AC: 18    Str: 14    XL:     16   Next: 8%
MP:   19/25         EV: 12    Int: 15    God:    Ru [******]
Gold: 564           SH: 17    Dex: 23    Spells: 15/15 levels left

rFire   . . .        a - +11 sling "Kaur" {drain, rN+}
rCold   + + .        M - +0 kite shield
rNeg    + + +        Y - +6 ring mail of Leokhin {rElec MP+9 Dex+3}
rPois   ∞            X - +1 helmet of Ru's Esteem {rN+ Will+ Int+3 Stlth+}
rElec   +            P - +0 cloak
rCorr   .            h - +0 pair of gloves
SInv    .            O - +0 pair of boots
Will    +++..        U - amulet of reflection Stlth
                     p - ring of flight
HPRegen 0.39/turn    R - ring "Bosory" {rF+ rC+ Slay+3}
MPRegen 0.19/turn

%: reflection, faith
@: exhausted, flying, studying Ranged Weapons, heavily drained
A: cold resistance 1, negative energy resistance 3, torment resistance 2, heat
vulnerability 1, no stealth, hated by all, no air magic, no necromancy magic, no
transmutations magic, disrupted magic 1, unskilled 2, in touch with death 2, no
potions, faith
a: Renounce Religion, Draw Out Power, Power Leap, Apocalypse


You were on level 1 of the Shoals.
You worshipped Ru.
Ru was exalted by your worship.
You visited 5 branches of the dungeon, and saw 24 of its levels.
You visited 1 bazaar.
You also visited: Ice Cave.

You collected 2349 gold pieces.
You spent 1785 gold pieces at shops.

Inventory:

Hand Weapons
 a - the +11 sling "Kaur" (weapon) {drain, rN+}
   (You found it on level 2 of the Dungeon)

   rN:        It protects you from negative energy.
 b - a +2 sling of electrocution
 u - a +0 arbalest
 B - a +0 heavy shortbow
 H - the +6 arbalest "Damnation" {damnation}
   (You found it on level 1 of the Shoals)
Missiles
 i - 7 curare-tipped darts
 j - 35 poisoned darts
 s - 2 atropa-tipped darts
 F - a throwing net
Armour
 c - an orb of light
 g - a +1 robe of resistance
 h - a +0 pair of gloves (worn)
 k - a +2 troll leather armour {Snorg}
 C - a +0 tower shield
 M - a +0 kite shield (worn)
 O - a +0 pair of boots (worn)
 P - a +0 cloak (worn)
 X - the +1 helmet of Ru's Esteem (worn) {rN+ Will+ Int+3 Stlth+}
   (You found it on level 5 of the Lair of Beasts)

   Int:       It affects your intelligence (+3).
   rN:        It protects you from negative energy.
   Will:      It increases your willpower.
   Stlth:     It makes you more stealthy.
 Y - the +6 ring mail of Leokhin (worn) {rElec MP+9 Dex+3}
   (You found it on level 5 of the Lair of Beasts)

   Dex:       It affects your dexterity (+3).
   rElec:     It insulates you from electricity.
   MP:        It affects your magic capacity (+9).
Jewellery
 p - a ring of flight (left hand)
 q - a +5 ring of evasion
 r - an amulet of regeneration
 z - a +6 ring of dexterity
 E - a +5 ring of evasion
 I - a ring of magical power
 J - a +6 ring of dexterity
 L - a ring of resist corrosion
 R - the ring "Bosory" (right hand) {rF+ rC+ Slay+3}
   (You found it in an ice cave)

   [ring of protection from cold]

   Slay:      It affects your accuracy & damage with ranged weapons and melee
   (+3).
   rF:        It protects you from fire.
   rC:        It protects you from cold.
 S - a ring of protection from fire
 U - an amulet of reflection (around neck)
Wands
 d - a wand of iceblast (14)
 m - a wand of flame (17)
 y - a wand of mindburst (26)
Scrolls
 e - 7 scrolls of enchant weapon
 f - 4 scrolls of immolation
 l - 4 scrolls of poison
 n - 9 scrolls of teleportation
 o - a scroll of torment
 v - 6 scrolls of fog
 w - 2 scrolls of magic mapping
 x - 4 scrolls of amnesia
 A - 4 scrolls of enchant armour
 D - 2 scrolls of blinking
 G - 2 scrolls of fear
 Q - 2 scrolls of vulnerability
 V - 11 scrolls of identify
Miscellaneous
 t - a phial of floods


   Skills:
 + Level 13.5 Fighting
 - Level 2.6 Maces & Flails
 + Level 16.2 Ranged Weapons
 + Level 6.2 Armour
 + Level 5.1 Dodging
 * Level 6.0 Shields


You had 15 spell levels left.
You didn't know any spells.
Your spell library contained the following spells:

 Spells                   Type           Power      Damage    Failure   Level
 Magic Dart               Conj           0%         1d3       87%         1
 Blink                    Tloc           0%         N/A       95%         2
 Lesser Beckoning         Tloc           0%         N/A       95%         2
 Momentum Strike          Conj/Tloc      0%         3d8       95%         2
 Frozen Ramparts          Ice            0%         1d1       99%         3
 Teleport Other           Tloc           0%         N/A       99%         3
 Volatile Blastmotes      Fire/Tloc      0%         2d10      99%         3
 Fulminant Prism          Conj/Hex       0%         3d5       100%        4
 Iskenderun's Mystic Bla  Conj/Tloc      0%         2d3       100%        4
 Manifold Assault         Tloc           0%         N/A       100%        4
 Lee's Rapid Deconstruct  Erth           0%         3d4*      100%        5
 Dispersal                Tloc           0%         N/A       100%        6
 Disjunction              Tloc           0%         N/A       100%        8
 Call Imp                 Summ           Unusable   N/A       N/A         2
 Mephitic Cloud           Conj/Pois/Air  Unusable   N/A       N/A         3
 Ice Form                 Ice/Tmut       Unusable   N/A       N/A         4
 Summon Ice Beast         Ice/Summ       Unusable   N/A       N/A         4

Dungeon Overview and Level Annotations

Branches:
Dungeon (15/15)            Temple (1/1) D:4            Lair (5/5) D:10
 Shoals (1/4) Lair:2       Spider (0/4) Lair:2        Slime (0/5) Lair:5
    Orc (2/2) D:12            Elf (0/3) Orc:2        Vaults (0/5) D:13
 Depths (0/4) D:15          IceCv (visited)

Altars:
Ashenzari
Cheibriados
Dithmenos
Gozag
Kikubaaqudgha
Makhleb
Nemelex Xobeh
Okawaru
Qazlal
Ru
Sif Muna
Trog
Uskayaw
Vehumet
Wu Jian
Xom

Shops:
D:10 !   D:13 :   D:14 *:   D:15 =   Orc:2 :?(*

Portals:
Pandemonium: Orc:2

Annotations:
D:13 2 transporters, Wemm's ghost, journeyman SpEn
Shoals:1 1 transporter


Innate Abilities, Weirdness & Mutations

You are immune to poison.
Your flesh is cold resistant. (rC+)
You are immune to negative energy. (rN+++)
You are immune to unholy pain and torment.
You are vulnerable to heat. (rF-)
You cannot be stealthy.
You are hated by all.
You cannot study or cast Air magic.
You cannot study or cast Necromancy magic.
You cannot study or cast Transmutations magic.
Your casting is slightly disrupted.
You are unskilled. (-2 Apt)
You are strongly in touch with the powers of death.
You do not drink.
You have a special connection with the divine. (Faith)


Message History

Aim: an orange crystal statue (almost destroyed, magic disrupted, 95% to hit)
You shoot a sling bullet.
The sling bullet hits the orange crystal statue!
You destroy the orange crystal statue!
You block the alligator snapping turtle's attack.
You are too injured to fight recklessly!
Fire: a) +11 sling "Kaur" {drain, rN+}
Press: ? - help, Q - select action, (/) - cycle Shift-Dir - straight line, f - merfolk avatar
Aim: a merfolk avatar (heavily wounded, paralysed, 98% to hit)
You shoot a sling bullet.
The sling bullet hits the merfolk avatar.
The merfolk avatar is heavily wounded.
Fire: a) +11 sling "Kaur" {drain, rN+}
Press: ? - help, Q - select action, (/) - cycle Shift-Dir - straight line, f/p - merfolk avatar
Aim: a merfolk avatar (heavily wounded, paralysed, 98% to hit)
You shoot a sling bullet.
The sling bullet hits the merfolk avatar.
The merfolk avatar is heavily wounded.
The alligator snapping turtle bites you from afar!
* * * LOW HITPOINT WARNING * * *
You focus your inner power and illuminate the alligator snapping turtle in retribution!
Fire: a) +11 sling "Kaur" {drain, rN+}
Press: ? - help, Q - select action, (/) - cycle Shift-Dir - straight line, f/p - merfolk avatar
Aim: a merfolk avatar (heavily wounded, paralysed, 98% to hit)
You shoot a sling bullet.
The sling bullet hits the merfolk avatar!
You drain the merfolk avatar.
The merfolk avatar is severely wounded.
Fire: a) +11 sling "Kaur" {drain, rN+}
Press: ? - help, Q - select action, (/) - cycle Shift-Dir - straight line, f/p - merfolk avatar
Aim: a merfolk avatar (severely wounded, paralysed, lightly drained, 98% to hit)
You shoot a sling bullet.
The sling bullet hits the merfolk avatar!
The merfolk avatar is almost dead.
The sea snake is no longer paralysed.
The alligator snapping turtle is no longer paralysed. x2
The alligator snapping turtle bites you from afar!!
* * * LOW HITPOINT WARNING * * *
The alligator snapping turtle bites you from afar!
You die...

PP..P.P~~~~≈≈≈~~~.........#......
..P~.~~~~≈≈≈≈~~~~......)~.#......
.P~~P~~~~≈≈≈~~~~~~...............
~P~~P~~~≈≈~~~~~~~~~.....~.^~~~...
P~~~~P~~~~~~~~~.©~~.....~~~~~~~~~
.~~~~≈~~~~~~#########....~~~~~~~~
.~≈≈~~~~~~~##8.t.t†8##(~~~.~~~###
.≈≈~~~..~.~#...km)t..#.~~~~~~~#.(
.~~~~~.~~~~#...S@....#.~~~~~~.#..
~~~~≈≈≈≈~~~#.........#...~~~..#..
~~~~≈≈≈~~~~#.........#~P~~~..##..
~≈~≈≈~~~~~~#.........#~~~~~.###.(
≈≈≈≈~.~~~~~#.........#~PP~..# ###
≈≈≈≈~~.~≈~~#...[.....#~~P~..#
≈≈≈≈≈~.~~~~##8!}©}[8##.PP~..# ###
≈≈≈≈≈~~..~~.#########..~~~..# #.#
≈≈≈≈~~..#.......©........~..###..


You could see 3 alligator snapping turtles, a merfolk avatar (paralysed,
drained), a sea snake and a wind drake (repels missiles, paralysed).

Vanquished Creatures
  Jorgrun (D:13)
  2 azure jellies (IceCv)
  An orc warlord (Orc:1)
  A quicksilver ooze (IceCv)
  A dire elephant (Lair:5)
  A minotaur (Shoals:1)
  Snorg (D:11)
  An ettin (D:15)
  A merfolk impaler (Shoals:1)
  A merfolk javelineer (Shoals:1)
  5 hydras
  2 centaur warriors
  2 demonspawn (Orc:2)
  The ghost of snackwell the Frost Mage, a journeyman FoIE of Cheibriados (D:10)
  2 death knights
  An ogre mage (D:15)
  A merfolk aquamancer (Shoals:1)
  9 two-headed ogres
  2 merfolk avatars
  3 boulder beetles
  A tengu warrior (D:15)
  4 orc high priests (Orc:2)
  The ghost of Aj7335 the Cleaver, a novice MiBe of Trog (D:8)
  2 skeletal warriors
  2 skysharks
  3 sea snakes
  2 deep trolls (D:15)
  A wizard (D:15)
  A phantasmal warrior (D:12)
  5 orc knights
  A deep elf pyromancer (D:14)
  An orange crystal statue (Shoals:1)
  5 harpies (Shoals:1)
  22 ugly things
  5 fauns (Shoals:1)
  7 orc sorcerers (Orc:2)
  10 elephants
  4 manticores
  3 cyclopes
  3 ice statues
  Joseph (D:10)
  A merfolk siren (Shoals:1)
  4 torpor snails
  A gargoyle (D:13)
  4 centaur skeletons (D:13)
  5 black mambas
  An orange demon (Orc:2)
  8 cane toads
  A smoke demon (Orc:2)
  2 yaktaurs (D:13)
  2 unseen horrors
  3 freezing wraiths
  A kobold demonologist (D:14)
  A rime drake (Lair:5)
  4 komodo dragons
  2 efreet
  An ice devil (Orc:2)
  3 merfolk (Shoals:1)
  2 wind drakes (Lair:5)
  4 trolls
  3 meliai (Shoals:1)
  Grinder (D:5)
  5 polar bears
  21 blink frogs
  24 slime creatures
  5 snapping turtles
  11 dream sheep
  A centaur simulacrum (D:14)
  4 water elementals
  2 shadows
  3 jumping spiders (Lair:2)
  3 culicivoras (Lair:2)
  3 wyverns
  2 spriggans (Lair:4)
  4 basilisks
  A basilisk (shapeshifter) (D:15)
  A chaos spawn (Orc:2)
  34 yaks
  2 wraiths
  A neqoxec (Orc:2)
  2 redbacks (Lair:2)
  6 vampire mosquitoes
  3 wargs
  A death yak simulacrum (Lair:2)
  9 water moccasins
  A swamp drake (D:12)
  An ice beast (D:7)
  2 sky beasts
  39 orc warriors
  3 great orb of eyes simulacra (IceCv)
  4 black bears
  7 ogres
  A boggart (D:13)
  20 wolves
  5 centaurs
  3 slime creature simulacra (IceCv)
  A phantom (D:5)
  5 kobold brigands
  6 bullfrogs
  A bullfrog (shapeshifter) (D:13)
  5 glowing shapeshifter simulacra (IceCv)
  10 scorpions
  A cane toad simulacrum (Lair:2)
  5 wights (D:6)
  17 killer bees
  6 electric eels
  2 hounds
  31 orc priests
  5 jellies
  A sleepcap (D:7)
  Jessica (D:2)
  2 iguanas (D:5)
  36 orc wizards
  3 shapeshifter simulacra (IceCv)
  4 gnolls (D:6)
  2 adders
  A shadow imp (D:8)
  A white imp (D:8)
  An ufetubus (D:6)
  3 worms (D:3)
  A dart slug (D:1)
  131 orcs
  11 bats
  3 endoplasms
  6 giant cockroaches
  4 hobgoblins
  16 kobolds
  5 quokkas
  8 ball pythons
  6 goblins
752 creatures vanquished.

Vanquished Creatures (others)
  The ghost of Yxyclygh the Severer, an adept MiBe of Trog (Shoals:1)
  A rakshasa (D:14)
  A satyr (Shoals:1)
  An orc knight (D:13)
  2 slime creatures (IceCv)
  A rime drake (Lair:2)
  A yaktaur (D:13)
  2 yaks
  A vampire mosquito (D:10)
  An orc warrior (Orc:2)
  An orc (D:9)
13 creatures vanquished.

Grand Total: 765 creatures vanquished

Notes
Turn   | Place    | Note
-------+----------+-------------------------------------------
     0 | D:1      | jimonade the Mummy Monk began the quest for the Orb.
     0 | D:1      | Reached XP level 1. HP: 18/18 MP: 1/1
   294 | D:1      | Reached XP level 2. HP: 24/24 MP: 2/2
  1192 | D:2      | Noticed Jessica
  1201 | D:2      | Killed Jessica
  1202 | D:2      | Gained mutation: You are in touch with the powers of death.
                  | [Mummy growth]
  1202 | D:2      | Reached XP level 3. HP: 29/29 MP: 3/3
  1372 | D:2      | Identified the +11 sling "Kaur" {drain, rN+}
  1817 | D:3      | Reached XP level 4. HP: 35/35 MP: 4/4
  2192 | D:3      | Found a hazy altar of Hepliaklqana.
  2192 | D:3      | Found a stormy altar of Qazlal.
  2408 | D:4      | Noticed a water moccasin
  2413 | D:4      | Killed a water moccasin
  2414 | D:4      | Reached skill level 2 in Ranged Weapons
  2414 | D:4      | Reached XP level 5. HP: 42/42 MP: 5/5
  2476 | D:4      | Found a sparkling altar of Nemelex Xobeh.
  2476 | D:4      | Found a hide-covered altar of Uskayaw.
  2476 | D:4      | Found an ancient bone altar of Kikubaaqudgha.
  2672 | D:4      | Found a staircase to the Ecumenical Temple.
  2678 | Temple   | Entered the Ecumenical Temple
  2700 | Temple   | Became a worshipper of Ru the Awakened
  2705 | Temple   | Gained mutation: You are somewhat unskilled. (-1 Apt) [Ru
                  | sacrifice]
  2705 | Temple   | Reached * piety under Ru
  2980 | D:5      | Entered Level 5 of the Dungeon
  3007 | D:5      | Found an opulent altar of Gozag.
  3039 | D:5      | Reached XP level 6. HP: 47/47 MP: 6/6
  3048 | D:5      | Reached skill level 3 in Ranged Weapons
  3291 | D:5      | Found a runed translucent door.
  3295 | D:5      | Noticed Grinder
  3305 | D:5      | Found a runed translucent door.
  3531 | D:6      | Reached skill level 4 in Ranged Weapons
  3531 | D:6      | Reached XP level 7. HP: 53/53 MP: 7/7
  3563 | D:6      | Reached skill level 5 in Ranged Weapons
  3589 | D:6      | Reached skill level 6 in Ranged Weapons
  3643 | D:6      | Reached XP level 8. HP: 61/61 MP: 8/8
  3659 | D:6      | Reached skill level 7 in Ranged Weapons
  3956 | D:7      | Reached skill level 8 in Ranged Weapons
  3978 | D:7      | Gained mutation: You are unskilled. (-2 Apt) [Ru sacrifice]
  3978 | D:7      | Reduced skill Ranged Weapons to level 7
  3978 | D:7      | Reached ** piety under Ru
  3978 | D:7      | Reached *** piety under Ru
  4007 | D:7      | Reached skill level 8 in Ranged Weapons
  4007 | D:7      | Reached skill level 1 in Armour
  4043 | D:7      | Reached XP level 9. HP: 66/66 MP: 9/9
  4141 | D:7      | Reached skill level 9 in Ranged Weapons
  4169 | D:7      | Reached skill level 5 in Fighting
  4377 | D:7      | Found an ornate altar of the Wu Jian Council.
  4411 | D:7      | Found an iron altar of Okawaru.
  4776 | D:8      | Found a runed translucent gate.
  4776 | D:8      | Found a runed translucent gate.
  4776 | D:8      | Found a runed translucent gate.
  4776 | D:8      | Noticed Aj7335's ghost (novice MiBe)
  4832 | D:8      | Reached skill level 10 in Ranged Weapons
  5037 | D:8      | Noticed a two-headed ogre
  5043 | D:8      | Killed a two-headed ogre
  5044 | D:8      | Reached XP level 10. HP: 76/76 MP: 10/10
  5068 | D:8      | Gained mutation: You are hated by all. [Ru sacrifice]
  5068 | D:8      | Reached **** piety under Ru
  5167 | D:8      | Reached skill level 11 in Ranged Weapons
  5650 | D:9      | Noticed an ice statue
  5697 | D:9      | Killed an ice statue
  5860 | D:9      | Gained mutation: You cannot study or cast Air magic. [Ru
                  | sacrifice]
  5860 | D:9      | Gained mutation: You cannot study or cast Transmutations
                  | magic. [Ru sacrifice]
  5860 | D:9      | Gained mutation: You cannot study or cast Necromancy magic.
                  | [Ru sacrifice]
  5860 | D:9      | Reached ***** piety under Ru
  6400 | D:10     | Entered Level 10 of the Dungeon
  6400 | D:10     | Found a runed translucent gate.
  6400 | D:10     | Found a runed translucent gate.
  6403 | D:10     | Found a runed translucent gate.
  6404 | D:10     | Found a radiant altar of Vehumet.
  6444 | D:10     | Found Xofyin's Distillery.
  6541 | D:10     | Identified the +5 dagger "Movualea" {protect, *Slow rC++
                  | Str+3 Dex+2}
  6777 | D:10     | Found a snail-covered altar of Cheibriados.
  6827 | D:10     | Noticed Joseph
  6839 | D:10     | Killed Joseph
  6874 | D:10     | Reached XP level 11. HP: 83/83 MP: 11/11
  6889 | D:10     | Found a staircase to the Lair.
  7110 | D:10     | Noticed an angel
  7201 | D:10     | Noticed a ten-headed hydra
  7202 | D:10     | Noticed a ten-headed hydra
  7202 | D:10     | Noticed snackwell's ghost (journeyman FoIE)
  7322 | Lair:1   | Entered Level 1 of the Lair of Beasts
  7332 | Lair:1   | Reached skill level 12 in Ranged Weapons
  8385 | Lair:2   | Found a staircase to the Shoals.
  8443 | Lair:2   | Found a frozen archway.
  8451 | Lair:2   | Gained mutation: You cannot be stealthy. [Ru sacrifice]
  8462 | Lair:2   | Reached skill level 13 in Ranged Weapons
  8462 | Lair:2   | Reached XP level 12. HP: 69/92 MP: 12/12
  8499 | IceCv    | Entered an ice cave
  8666 | IceCv    | Identified the ring "Ufryell" {Ice Int+3}
  8889 | IceCv    | Noticed a quicksilver ooze
  8899 | IceCv    | Killed a quicksilver ooze
  9049 | IceCv    | Noticed an azure jelly
  9064 | IceCv    | Killed an azure jelly
  9073 | IceCv    | Noticed an azure jelly
  9083 | IceCv    | Killed an azure jelly
  9117 | IceCv    | Identified the +0 ice dragon scales "Eguiptyi" {rPois rF-
                  | rC++ Will++ Int-5}
  9120 | IceCv    | Identified the +0 ring mail "Fumacvan" {Str+4}
  9122 | IceCv    | Identified the +0 ring mail of Springtime {rPois rC+}
  9128 | IceCv    | Got the ring "Bosory" {rF+ rC+ Slay+3}
  9406 | Lair:2   | Found a hole to the Spider Nest.
  9812 | Lair:2   | Noticed an eight-headed hydra
  9820 | Lair:2   | Killed an eight-headed hydra
  9821 | Lair:2   | Reached skill level 14 in Ranged Weapons
  9981 | Lair:3   | Identified the +8 battleaxe of Wu Jian's Grace {flame,
                  | Str+5 SInv}
 10325 | Lair:3   | Gained mutation: You are strongly in touch with the powers
                  | of death. [Mummy growth]
 10325 | Lair:3   | Reached XP level 13. HP: 101/101 MP: 13/13
 11624 | Lair:5   | Entered Level 5 of the Lair of Beasts
 11756 | Lair:5   | Reached skill level 10 in Fighting
 11756 | Lair:5   | Reached skill level 5 in Armour
 11912 | Lair:5   | Identified the +1 helmet of Ru's Esteem {rN+ Will+ Int+3
                  | Stlth+}
 11992 | Lair:5   | Noticed a dire elephant
 12016 | Lair:5   | Killed a dire elephant
 12247 | Lair:5   | Reached skill level 1 in Shields
 12632 | Lair:5   | Identified the +6 ring mail of Leokhin {rElec MP+9 Dex+3}
 12638 | Lair:5   | Identified the +3 trident of Gloom {holy, Int+2}
 12815 | Lair:5   | Found a staircase to the Slime Pits.
 12992 | D:10     | Killed snackwell's ghost
 13184 | D:5      | Killed Grinder
 13294 | D:8      | Killed Aj7335's ghost
 13387 | D:11     | Reached XP level 14. HP: 105/107 MP: 14/14
 13408 | D:11     | Noticed Snorg
 13422 | D:11     | Killed Snorg
 14338 | D:12     | Gained mutation: Your casting is slightly disrupted. [Ru
                  | sacrifice]
 14338 | D:12     | Reached ****** piety under Ru
 14543 | D:12     | Found a staircase to the Orcish Mines.
 14910 | D:13     | Identified the +4 long sword "Giefufoi" {heavy, Str+3}
 15059 | D:13     | Found Aschoes's Tremendous Tomes.
 15081 | D:13     | Noticed Jorgrun
 15092 | D:13     | Killed Jorgrun
 15131 | D:13     | Reached skill level 15 in Ranged Weapons
 15166 | D:13     | Identified the staff of cold "Qeugeaph" {rElec rF++ rC+
                  | Will+ Int-4}
 15445 | D:13     | Noticed Wemm's ghost (journeyman SpEn)
 15449 | D:13     | Found a bloodstained altar of Trog.
 15456 | D:13     | Found a transporter.
 15464 | D:13     | Found a transporter.
 15884 | D:13     | Found a gate to the Vaults.
 16239 | D:14     | Found Meufaups's Book Emporium.
 16287 | D:14     | Found Caiseg's Changing Room.
 17135 | D:15     | Entered Level 15 of the Dungeon
 17149 | D:15     | Reached XP level 15. HP: 115/120 MP: 15/15
 17583 | D:15     | Found a staircase to the Depths.
 17653 | D:15     | Found Higgaok's Jewellery Emporium.
 18005 | Orc:1    | Entered Level 1 of the Orcish Mines
 18495 | Orc:2    | Entered Level 2 of the Orcish Mines
 18687 | Orc:2    | Found Ethonemeps's Magic Scroll Shop.
 18709 | Orc:2    | Found Duwni's General Store.
 18757 | Orc:2    | Reached skill level 5 in Shields
 18791 | Orc:2    | Bought a scroll of teleportation for 39 gold pieces
 18820 | Orc:2    | Found a staircase to the Elven Halls.
 19721 | Orc:2    | Found Kiblotah's Antique Weapon Shoppe.
 19721 | Orc:2    | Found Jasikyock's Book Emporium.
 19722 | Orc:2    | Found a one-way gate leading to the halls of Pandemonium.
 19732 | Orc:2    | Bought a manual of Ranged Weapons for 1280 gold pieces
 19967 | Shoals:1 | Entered Level 1 of the Shoals
 20010 | Shoals:1 | Reached skill level 5 in Dodging
 20087 | Shoals:1 | Reached skill level 16 in Ranged Weapons
 20329 | Shoals:1 | Found a flickering gateway to a bazaar.
 20339 | Bazaar   | Entered a bazaar
 20341 | Bazaar   | Found Ycos's Antique Weapon Emporium.
 20346 | Bazaar   | Found Hotuiqoti's Assorted Antiques.
 20350 | Bazaar   | Found Hepsef's General Store.
 20371 | Bazaar   | Found Xaducs's Book Shoppe.
 20378 | Bazaar   | Found Ruisiheb's Assorted Antiques.
 20386 | Bazaar   | Bought a tourmaline ring for 95 gold pieces
 20386 | Bazaar   | Bought a scroll of fog for 76 gold pieces
 20386 | Bazaar   | Bought a scroll of teleportation for 57 gold pieces
 20386 | Bazaar   | Bought a scroll of enchant weapon for 142 gold pieces
 20417 | Bazaar   | Bought a glowing shortbow for 96 gold pieces
 20633 | Shoals:1 | Found a transporter.
 20719 | Shoals:1 | Found a transporter.
 20860 | Shoals:1 | Found a hide-covered altar of Uskayaw.
 20865 | Shoals:1 | Found the +6 arbalest "Damnation" {damnation}
 20943 | Shoals:1 | Reached XP level 16. HP: 119/131 MP: 16/16
 21190 | Shoals:1 | Found a runed translucent gate.
 21191 | Shoals:1 | Found a runed translucent gate.
 21192 | Shoals:1 | Found a runed translucent gate.
 21220 | Shoals:1 | Noticed Yxyclygh's ghost (adept MiBe)
 21445 | Shoals:1 | Killed Yxyclygh's ghost
 21457 | Shoals:1 | Got the Secrets of the Frostbound Tesseract
 21706 | Shoals:1 | HP: 1/117 [alligator snapping turtle (27)]
 21706 | Shoals:1 | Mangled by an alligator snapping turtle

Illustrated notes

Levels and vault maps discovered:
D:1:      kilobyte_arrival_exit_the_forest, layout_loops_ring,
          minmay_tromino_v4_a
D:2:      layout_loops_cross, uniq_jessica
D:3:      layout_basic, nicolae_overflow_two_pavilions
D:4:      minmay_evil_eye, layout_basic, gammafunk_temple_overflow_claw,
          minmay_temple_entry_grid
D:5:      lemuel_insect_pit, layout_cave_pools, old_standard_altar, uniq_grinder
D:6:      layout_rooms, corexii_shack
D:7:      layout_loops_ring, mainiacjoe_overflow_catch_the_wave
D:8:      layout_rooms, tso_metal_star, ebering_ghost_rock_garden, special_room
          [special_room_orc]
D:9:      lemuel_ice_statue, layout_irregular_city, jiyva_altar_1
D:10:     layout_stronghold, nicolae_vehumet_radiance, cheibriados_altar_1,
          zin_angel, lair_entry_dummy, gammafunk_ghost_hydra_chop, serial_shops,
          shop, minivault_1, uniq_joseph
D:11:     layout_roguey, small_statue_intersection, uniq_snorg
D:12:     layout_loops_ring, erik_orc_1, serial_bayou, serial_bayou_lagoon_b,
          serial_bayou_ford_a, serial_bayou_pond_d, serial_bayou_shore_a,
          drop_trap
D:13:     layout_basic, hangedman_vaults_entry_quadrant_bands,
          gammafunk_ghost_wrathful_warriors, hangedman_abyss_or_decor_passed,
          nicolae_shop_i_like_big_books, uniq_jorgrun
D:14:     layout_basic, eino_curves_02, serial_shops, nicolae_stop_n_shop_1,
          nicolae_transmutations_shop
D:15:     hangedman_depths_entry_civil_slaughter, layout_loops_cross,
          serial_shops, nicolae_shop_hallway_plus
Temple:   hellmonk_temple_rainy
Lair:1:   layout_roguey, dpeg_stationary_puzzle
Lair:2:   layout_roguey, elwin_shoals_entry_rooms,
          nicolae_spider_entry_tight_spaces,
          portal_ice_cave_entry_ice_simulacra, lemuel_fruit_tree,
          grunt_megastairs_3, infiniplex_staircase_pool
Lair:3:   layout_cave_pods, chequers_serial_rivers_room_b,
          small_statue_intersection
Lair:4:   layout_long_grid, forest_entry_grove
Lair:5:   gammafunk_lair_ancient_temple, layout_loops_ring,
          dpeg_slime_entry_enclosed
Shoals:1: gammafunk_sealed_arena, layout_shoals, ebering_ghost_rock_garden,
          serial_shops, bzr_entry_gold, regret_index_shoals_crete
Orc:1:    layout_diamond_mine
Orc:2:    pf_orc_diabolical, layout_caves

Skill      XL: |  1  2  3  4  5  6  7  8  9 10 11 12 13 14 15 16 |
---------------+-------------------------------------------------+-----
Maces & Flails | 3 2 |  2.6
Dodging        | 3 3 4 5 |  5.1
Ranged Weapons | 2 4 6 8 10 11 13 14 15 16 | 16.2
Fighting       | 4 5 6 8 9 10 12 13 | 13.5
Armour         | 1 2 3 4 5 6 |  6.2
Shields        | 2 4 5 6 |  6.0

Action                     |  1- 3 |  4- 6 |  7- 9 | 10-12 | 13-15 | 16-18 || total
---------------------------+-------+-------+-------+-------+-------+-------++-------
  Melee: Mace              |    86 |       |       |       |       |       ||    86
         Sling             |       |       |       |     1 |       |       ||     1
   Fire: Sling             |     6 |    74 |   237 |   779 |  1613 |    34 ||  2743
         Arbalest          |       |       |       |       |     5 |    16 ||    21
 Invoke: Sacrifice Skill   |       |     1 |     1 |       |       |       ||     2
         Sacrifice Love    |       |       |       |     1 |       |       ||     1
         Sacrifice Arcana  |       |       |       |     1 |       |       ||     1
         Reject Sacrifices |       |       |       |     2 |     1 |       ||     3
         Sacrifice Stealth |       |       |       |     1 |       |       ||     1
         Apocalypse        |       |       |       |       |     5 |     1 ||     6
         Sacrifice Essence |       |       |       |       |     1 |       ||     1
    Use: Scroll            |       |     5 |     2 |     4 |     3 |       ||    14
 Armour: Robe              |    28 |     3 |       |       |       |       ||    31
         Leather armour    |       |       |     5 |       |       |       ||     5
         Ring mail         |       |       |     1 |    72 |   163 |     6 ||   242
  Dodge: Dodged            |    72 |    25 |    59 |   252 |   345 |     8 ||   761
  Block: Kite shield       |       |       |       |       |    47 |     5 ||    52
         Reflection        |       |       |       |       |     7 |       ||     7
         Other             |       |       |       |       |       |     1 ||     1
